 Dungeon Crawl Stone Soup version 0.23-a0-299-g9a66eeb (webtiles) character file.

309 mopl the Chopper (level 6, -7/47 HPs)
             Began as a Demonspawn Fighter on Oct 6, 2018.
             Mangled by Menkaure (12 damage)
             ... on level 4 of the Dungeon.
             The game lasted 00:05:35 (3434 turns).

mopl the Chopper (Demonspawn Fighter)               Turns: 3434, Time: 00:05:37

Health: -7/47      AC: 13    Str: 17    XL:     6   Next: 17%
Magic:  6/6        EV:  4    Int:  9    God:
Gold:   83         SH:  9    Dex: 16    Spells: 5/5 levels left

rFire    . . .     SeeInvis .   a - +0 war axe
rCold    . . .     Gourm    .   c - +0 shield
rNeg     . . .     Faith    .   i - +0 chain mail
rPois    .         Spirit   .   r - +0 helmet
rElec    .         Reflect  .   v - scarf {cloud immunity}
rCorr    .         Harm     .   o - +0 pair of gloves
MR       .....     Rnd*Tele +   q - +0 pair of boots
Stlth    ..........             (no amulet)
HPRegen  0.15/turn              l - +1 ring of protection
MPRegen  0.10/turn              y - ring of teleportation (curse)

@: no status effects
A: claws 1, thin skeletal structure 1, demonic guardian 1, powered by pain 1
a: no special abilities


You were on level 4 of the Dungeon.
You were hungry.

You visited 1 branch of the dungeon, and saw 4 of its levels.

You collected 83 gold pieces.

Inventory:

Hand Weapons
 a - a +0 war axe (weapon)
Missiles
 n - 4 tomahawks (quivered)
Armour
 c - a +0 shield (worn)
 i - a +0 chain mail (worn)
 o - a +0 pair of gloves (worn)
 q - a +0 pair of boots (worn)
 r - a +0 helmet (worn)
 v - a scarf of cloud immunity (worn)
Jewellery
 l - a +1 ring of protection (left hand)
 y - a cursed ring of teleportation (right hand)
 C - an uncursed ring of flight
Wands
 u - a wand of flame (12)
 z - a wand of digging (14)
Scrolls
 e - 3 scrolls of teleportation
 g - a scroll of fog {unknown}
 k - a scroll of identify
 m - a scroll of fear {unknown}
 w - a scroll of remove curse {unknown}
 x - a scroll of blinking {unknown}
 A - 2 scrolls of magic mapping {unknown}
 B - a scroll of random uselessness {unknown}
Potions
 b - a potion of brilliance
 d - a potion of might
 h - 4 potions of curing
 j - 2 potions of haste
 p - a potion of ambrosia
 s - a potion of flight
 t - a potion of agility
Comestibles
 f - 10 rations


   Skills:
 - Level 3.0 Fighting
 + Level 6.0 Axes
 - Level 2.6 Armour
 - Level 2.6 Shields


You had 5 spell levels left.
You didn't know any spells.
Your spell library was empty.

Dungeon Overview and Level Annotations

Branches:
Dungeon (4/15)
 Temple: D:4-7

Altars:
Fedhas

Annotations:
D:4 Menkaure, Pikel


Innate Abilities, Weirdness & Mutations

You have sharp fingernails.
You have a somewhat thin skeletal structure. (Dex +2, Stealth)
A weak demonic guardian rushes to your aid.
You sometimes gain a little power by taking damage.


Message History

* * * LOW HITPOINT WARNING * * *
Your ufetubus hits Menkaure but does no damage.
Your ufetubus hits Menkaure.
Unknown command.
You hit Menkaure.
Menkaure is moderately damaged.
Your ufetubus hits Menkaure but does no damage.
Your ufetubus closely misses Menkaure.
You block Menkaure's attack.
Unknown command.
You hit Menkaure.
Menkaure is heavily damaged.
Your ufetubus hits Menkaure. x2
Your ufetubus hits Menkaure but does no damage. x2
Menkaure closely misses your ufetubus.
Unknown command.
Your shield and chain mail prevent you from hitting Menkaure.
Menkaure is severely damaged.
Your ufetubus hits Menkaure.
Your ufetubus barely misses Menkaure. x3
Menkaure hits you!
You die...

.##......##.##...<.........
.##......##.##.......######
.#.....####.##......###
.......# #..o........#
##.(...##.............#
##.....##.##..........#
.......... #####......#
.......#### #......#
......#....#####@M....#
.... #.........#5##....
##.. #.........#..#....
#### #..................
...# #..................
...# #....#.........##..
...####....#.........# .
###..[.....#.....##.... #
#..............# ..##.


You could see Menkaure and a friendly ufetubus.

Vanquished Creatures
  A slave (D:3)
  2 orc priests
  A worker ant (D:3)
  A gnoll (D:1)
  8 adders
  An ooze (D:2)
  A dart slug (D:1)
  5 leopard geckos
  11 orcs
  11 bats
  2 giant cockroaches
  7 hobgoblins
  6 jackals
  10 kobolds
  A quokka (D:4)
  2 ball pythons
  8 frilled lizards
  6 goblins
  14 rats
98 creatures vanquished.

Vanquished Creatures (collateral kills)
  A slave (D:3)
  A worker ant (D:4)
  An adder (D:3)
  3 gnolls (D:3)
  A leopard gecko (D:3)
  A quokka (D:4)
8 creatures vanquished.

Grand Total: 106 creatures vanquished

Notes
Turn   | Place    | Note
-------+----------+-------------------------------------------
     0 | D:1      | mopl the Demonspawn Fighter began the quest for the Orb.
     0 | D:1      | Reached XP level 1. HP: 18/18 MP: 1/1
    33 | D:1      | Reached skill level 2 in Axes
   108 | D:1      | Gained mutation: You have sharp fingernails. [demonic
                  | ancestry]
   108 | D:1      | Reached XP level 2. HP: 24/24 MP: 2/2
   365 | D:1      | Reached skill level 3 in Axes
   508 | D:1      | Gained mutation: A weak demonic guardian rushes to your
                  | aid. [demonic ancestry]
   508 | D:1      | Reached XP level 3. HP: 29/29 MP: 3/3
  1058 | D:2      | Reached skill level 4 in Axes
  1058 | D:2      | Gained mutation: You have a somewhat thin skeletal
                  | structure. (Dex +2, Stealth) [demonic ancestry]
  1058 | D:2      | Reached XP level 4. HP: 32/35 MP: 4/4
  1908 | D:3      | Gained mutation: You sometimes gain a little power by
                  | taking damage. [demonic ancestry]
  1908 | D:3      | Reached XP level 5. HP: 40/41 MP: 5/5
  1931 | D:3      | Reached skill level 5 in Axes
  2582 | D:3      | Found a blossoming altar of Fedhas.
  3005 | D:4      | Noticed a slave
  3005 | D:4      | Noticed Pikel
  3053 | D:4      | Reached XP level 6. HP: 39/47 MP: 6/6
  3054 | D:4      | Noticed a slave
  3059 | D:4      | Noticed a slave
  3060 | D:4      | Noticed a slave
  3088 | D:3      | Reached skill level 6 in Axes
  3091 | D:3      | Killed a slave
  3091 | D:3      | Killed a slave
  3402 | D:4      | Noticed Menkaure
  3434 | D:4      | Mangled by Menkaure

Vault maps used:
D:1:      onia_arrival_mini_maze, serial_glass, glass_columns_b,
          glass_columns_a, glass_columns_b, glass_columns_b, glass_columns_c,
          glass_columns_b, glass_columns_a, glass_columns_a, glass_columns_a,
          glass_columns_a, glass_columns_c, glass_columns_c, glass_columns_a,
          glass_columns_a
D:2:      kennysheep_generic_room_11
D:3:      fedhas_altar_4
D:4:      first_ration, uniq_ijyb, uniq_pikel, uniq_menkaure

Skill      XL: |  1  2  3  4  5  6 |
---------------+-------------------+-----
Axes           | 2 3 4 5 6 |  6.0
Fighting       | |  3.0
Armour         | |  2.6
Shields        | |  2.6

Action                   |  1- 3 |  4- 6 || total
-------------------------+-------+-------++-------
Melee: War axe           |   136 |   204 ||   340
  Use: Scroll            |       |    10 ||    10
       Potion            |       |     1 ||     1
 Stab: Distracted        |       |     2 ||     2
  Eat: Chunk             |     1 |     7 ||     8
Armor: Scale mail        |    82 |    88 ||   170
       Chain mail        |       |    43 ||    43
Dodge: Dodged            |    51 |    57 ||   108
Block: Shield            |    86 |   122 ||   208

Table legend:
 A = Non-vault XP
 B = Vault XP
 C = Vault XP percentage of total XP
 D = Non-vault monster count
 E = Vault monster count
 F = Vault count percentage of total count
                 A         B        C        D         E       F
            +---------+---------+-------+---------+---------+-------
      Total |     439 |       3 |   0.7 |     101 |       3 |   2.9
            +---------+---------+-------+---------+---------+-------
        D:1 |      58 |       2 |   3.3 |      30 |       2 |   6.2
        D:2 |      85 |       1 |   1.2 |      19 |       1 |   5.0
        D:3 |     196 |       0 |   0.0 |      38 |       0 |   0.0
        D:4 |     100 |       0 |   0.0 |      14 |       0 |   0.0
            +---------+---------+-------+---------+---------+-------
